 Dungeon Crawl Stone Soup version 0.28.0-45-g0d030f2227 (webtiles) character file.

Game seed: 2525323307920651025

4 protoss039 the Conjurer (level 1, 0/13 HPs)
             Began as a Mummy Conjurer on May 16, 2022.
             Slain by a quokka (1 damage)
             ... on level 2 of the Dungeon.
             The game lasted 00:00:50 (102 turns).

protoss039 the Conjurer (Mummy Conjurer)             Turns: 102, Time: 00:00:51

Health: 0/13       AC:  2    Str: 10    XL:     1   Next: 50%
Magic:  1/4        EV: 12    Int: 17    God:
Gold:   0          SH:  0    Dex: 10    Spells: 4/5 levels left

rFire   x . .      SeeInvis .   b - +0 mace
rCold   + . .      Faith    .   (no shield)
rNeg    + + +      Spirit   .   a - +0 robe
rPois   ∞          Reflect  .   (no helmet)
rElec   .          Harm     .   (no cloak)
rCorr   .          Rampage  .   (no gloves)
Will    .....                   (no boots)
Stlth   ++........              (no amulet)
HPRegen 0.04/turn               (no ring)
MPRegen 0.09/turn               (no ring)

@: no status effects
A: cold resistance 1, negative energy resistance 3, torment resistance 2, heat
vulnerability 1, no potions
a: no special abilities


You were on level 2 of the Dungeon.
You visited 1 branch of the dungeon, and saw 2 of its levels.

Inventory:

Hand Weapons
 b - a +0 mace (weapon)
Armour
 a - a +0 robe (worn)


   Skills:
 + Level 1.6 Dodging
 + Level 1.7 Stealth
 + Level 2.8 Spellcasting
 + Level 3.3 Conjurations


You had 4 spell levels left.
You knew the following spells:

 Your Spells              Type           Power      Damage    Failure   Level
a - Magic Dart            Conj           52%        1d5       4%          1

Your spell library contained the following spells:

 Spells                   Type           Power      Damage    Failure   Level
 Searing Ray              Conj           26%        2d5       7%          2
 Dazzling Flash           Conj/Hex       16%        N/A       26%         3
 Fulminant Prism          Conj/Hex       4%         3d6       65%         4
 Iskenderun's Mystic Bla  Conj/Tloc      8%         2d4       65%         4


Dungeon Overview and Level Annotations

Branches:
Dungeon (1/15)

Altars:


Innate Abilities, Weirdness & Mutations

You are immune to poison.
Your flesh is cold resistant. (rC+)
You are immune to negative energy. (rN+++)
You are immune to unholy pain and torment.
You are vulnerable to heat. (rF-)
You do not drink.


Message History

You see here a hobgoblin corpse.
A frilled lizard comes into view.
The quokka bites you but does no damage.
The frilled lizard hisses angrily.
The quokka bites you but does no damage.
The quokka closely misses you.
Found a sapphire potion.
A hobgoblin comes into view.
Found a mace.
The quokka closely misses you.
You see here a +0 mace.
b - a +0 mace The quokka bites you.
b - a +0 mace (weapon)
The quokka misses you.
Casting: Magic Dart (safe; 4% risk of failure)
Confirm with . or Enter, or press ? or * to list all spells.
Aiming: Magic Dart (safe; 4% risk of failure)
Press: ? - help, Shift-Dir - straight line, f/p - quokka
Aim: a quokka (100% to hit)
The magic dart hits the quokka.
The quokka is heavily wounded.
The quokka closely misses you.
Casting: Magic Dart (safe; 4% risk of failure)
Confirm with . or Enter, or press ? or * to list all spells.
Aiming: Magic Dart (safe; 4% risk of failure)
Press: ? - help, Shift-Dir - straight line, f/p - quokka
Aim: a quokka (heavily wounded, 100% to hit)
The magic dart hits the quokka but does no damage.
The quokka is heavily wounded.
The quokka bites you.
* * * LOW HITPOINT WARNING * * *
Casting: Magic Dart (safe; 4% risk of failure)
Confirm with . or Enter, or press ? or * to list all spells.
Aiming: Magic Dart (safe; 4% risk of failure)
Press: ? - help, Shift-Dir - straight line, f/p - quokka
Aim: a quokka (heavily wounded, 100% to hit)
The magic dart hits the quokka but does no damage.
The quokka is heavily wounded.
The quokka bites you.
You die...

#.. #.# #.. #.#
..# #.. #.# #.#
#.g# #... #.##
#.###!.###..###...
#............ ....
#@# #..###..###.##
#r# #..#....#.#...
#l###.S###..#.#..#
#SK.lS..g.......r#
#####K..r...##....
#..#######...#
#..# #...# #...
.....# ##.##
####..#


You could see an adder, a quokka, a kobold and a frilled lizard.

Vanquished Creatures
  A goblin (D:2)
  A hobgoblin (D:2)
  2 ball pythons
4 creatures vanquished.

Notes
Turn   | Place    | Note
-------+----------+-------------------------------------------
     0 | D:1      | protoss039 the Mummy Conjurer began the quest for the Orb.
     0 | D:1      | Reached XP level 1. HP: 13/13 MP: 4/4
    28 | D:1      | You fall into a shaft and drop 1 floor!
   102 | D:2      | Slain by a quokka

Illustrated notes

Levels and vault maps discovered:
D:1:      roderic_crossed_star, layout_basic
D:2:      layout_loops_ring, shapermc_ecumenical_altar_mp_highgroup,
          basic_altar, minmay_misc_feat_nine_boxes,
          hangedman_abyss_or_decor_stabs, minmay_fractal_squares_gapless_5,
          uniq_crazy_yiuf_cottage, uniq_sigmund

Action                   || total
-------------------------++-------
 Cast: Magic Dart        ||    10
Armor: Robe              ||     3
Dodge: Dodged            ||     7
